[Event "*** SCC Grand Prix: Titled Tuesday Blitz"]
[Site "Chess.com"]
[Date "2020.08.25"]
[Round "9"]
[White "BakaPG"]
[Black "TigrVShlyape"]
[Result "1/2-1/2"]
[WhiteElo "2687"]
[BlackElo "2836"]
[TimeControl "180+1"]
[EndTime "11:45:07 PDT"]
[Termination "Game drawn by agreement"]

1. e4 c5 2. Nf3 e6 3. c3 d5 4. e5 d4 5. cxd4 cxd4 6. Bd3 Bd7 7. O-O Bc6 8. Re1 Ne7 9. Na3 Ng6 10. Nc2 Nf4 11. Bf1 d3 12. Ncd4 Bd5 13. g3 Ne2+ 14.
Bxe2 dxe2 15. Qxe2 Nc6 16. Nb5 a6 17. Nc3 Bc5 18.
Nxd5 Qxd5 19. d4 Nxd4 20. Nxd4 Bxd4 21. Bf4 O-O 22. Rad1 Rad8 23. Be3 Qc5 24. Bxd4 Rxd4 25. Rxd4 Qxd4 26. Rd1 1/2-1/2

[Event "*** SCC Grand Prix: Titled Tuesday Blitz"]
[Site "Chess.com"]
[Date "2020.08.25"]
[Round "9"]
[White "AGW2016"]
[Black "evgenyermolaev"]
[Result "0-1"]
[WhiteElo "2356"]
[BlackElo "2477"]
[TimeControl "180+1"]
[EndTime "11:45:07 PDT"]
[Termination "evgenyermolaev won by resignation"]

1. d4 c5 2. d5 Nf6 3. c4 a6 4. Nc3 b5 5. cxb5 axb5 6. Nxb5 Qa5+ 7. Nc3 Ne4 8. Qc2 Nxc3 9. Qxc3 Qxc3+ 10. bxc3 g6 11. Bd2 Bg7 12. e4 Ra3 13. Rb1 Na6 14. Bxa6 Rxa6 15. Rb8 O-O 16. Nf3 Rxa2 17. O-O Rc2 18.
Rc1 Rxc1+ 19. Bxc1 Bxc3 20. e5 Ba6 21. Rb6 Be2 22.
Bh6 Ra8 23. h3 Bxf3 24. gxf3 Bxe5 25. Rb7 Rc8 26. Rxd7 Bd6 27. Ra7 c4 28. Ra2 c3 29.
Rc2 f6 30. Be3 Rc4 31. Kf1 g5 32. Ke2 Be5 33. Kf1 Rb4 34. Ke1 Rh4 35. Ke2 Rxh3 0-1

[Event "*** SCC Grand Prix: Titled Tuesday Blitz"]
[Site "Chess.com"]
[Date "2020.08.25"]
[Round "9"]
[White "ARTHURMOTIVATOR"]
[Black "StephenDedalus83"]
[Result "0-1"]
[WhiteElo "2286"]
[BlackElo "2714"]
[TimeControl "180+1"]
[EndTime "11:45:11 PDT"]
[Termination "StephenDedalus83 won by resignation"]

1. e4 c5 2. b3 d6 3. Bb2 Nf6 4. Bb5+ Bd7 5. Bxd7+ Qxd7 6. d3 g6 7. Nf3 Bg7 8. O-O O-O 9. Nbd2 Nc6 10. Nc4 e5 11.
Ne3 Nh5 12. Nd2 Nf4 13. g3 Ne6 14. f4 exf4 15. Bxg7 Kxg7 16. gxf4 f5 17. Nd5 Ne7 18. c4 fxe4 19. Qg4 exd3 20. Rae1 Nf5 21. Ne4 Ned4 22. Ng5 Ne2+ 23. Rxe2 dxe2 24. Qxe2 Rae8 25. Qb2+ Nd4 26. Rd1 Re2 27. Qc3 Qg4+ 28. Qg3 Qxg3+ 29. hxg3 h6 30.
Nh3 Rfe8 0-1

[Event "*** SCC Grand Prix: Titled Tuesday Blitz"]
[Site "Chess.com"]
[Date "2020.08.25"]
[Round "9"]
[White "catzapto"]
[Black "PawnEatingZombie"]
[Result "0-1"]
[WhiteElo "2049"]
[BlackElo "2220"]
[TimeControl "180+1"]
[EndTime "11:45:11 PDT"]
[Termination "PawnEatingZombie won by resignation"]

1. e4 c6 2. Nf3 d5 3. exd5 cxd5 4.
d4 Nf6 5. c3 Nc6 6. Bd3 Bg4 7.
Qb3 Qc8 8. Ne5 Bd7 9. Nxd7 Qxd7 10. Nd2 e6 11. Nf3 Bd6 12. Ne5 Qc7 13. f4 O-O 14. O-O a6 15. Be3 Ne7 16. Qc2 g6 17. Rae1 Ne8 18.
Ng4 f5 19. Ne5 Nf6 20. Rf3 b5 21. a3 Rab8 22. Rh3 Rfc8 23. Qf2 Kg7 24. Qh4 Neg8 25. Qh6+ Nxh6 0-1

[Event "*** SCC Grand Prix: Titled Tuesday Blitz"]
[Site "Chess.com"]
[Date "2020.08.25"]
[Round "9"]
[White "jacky72"]
[Black "Diego_FloresQ"]
[Result "0-1"]
[WhiteElo "2521"]
[BlackElo "2416"]
[TimeControl "180+1"]
[EndTime "11:45:12 PDT"]
[Termination "Diego_FloresQ won by checkmate"]

1. e4 c5 2. Nc3 Nc6 3. g3 g6 4.
Bg2 Bg7 5. d3 d6 6. f4 e6 7. Nf3 Nge7 8. O-O O-O 9. Be3 Nd4 10. Qd2 Rb8 11. Nd1 b5 12. c3 Nxf3+ 13.
Bxf3 b4 14. Bg2 Ba6 15. c4 Bb7 16. a3 a5 17. axb4 axb4 18. h4 f5 19. h5 Nc6 20.
hxg6 hxg6 21. e5 dxe5 22. Bxc5 Rf7 23. Nf2 Nd4 24. Bxb7 Rfxb7 25. Bxd4 Qxd4 26. Rae1 exf4 27. Qxf4 Qxf4 28. gxf4 Bxb2 29. Rxe6 Kf7 30. Re2 Bd4 31. Rb1 b3 32. Kg2 b2 33. Nd1 Rb3 34. Rd2 Ra3 35.
Nxb2 Rab3 36. Ra1 Rxb2 37. Ra7+ Bxa7 38. Rxb2 Rxb2+ 39. Kf3 Ke6 40. c5 Bxc5 41. d4 Bxd4 42. Kg3 Kd5 43. Kf3 Rf2+ 44. Kg3 Ke4 45. Kh4 Kxf4 46. Kh3 Rc2 47. Kh4 Rh2# 0-1

[Event "*** SCC Grand Prix: Titled Tuesday Blitz"]
[Site "Chess.com"]
[Date "2020.08.25"]
[Round "9"]
[White "alexrustemov"]
[Black "WPWPWP-2015"]
[Result "1-0"]
[WhiteElo "2648"]
[BlackElo "2485"]
[TimeControl "180+1"]
[EndTime "11:45:13 PDT"]
[Termination "alexrustemov won by resignation"]

1. d4 Nf6 2. c4 c6 3. Nc3 d5 4.
e3 e6 5. Nf3 Nbd7 6. Qc2 Bd6 7.
Bd2 O-O 8. O-O-O Qe7 9. Kb1 a5 10. e4 e5 11. exd5 cxd5 12. cxd5 e4 13. Ng5 Re8 14. Bb5 h6 15. Nh3 Bb4 16. Rhe1 Bxc3 17. bxc3 Nxd5 18. f3 f5 19. fxe4 fxe4 20. Qb3 Qf7 21.
Rf1 N5f6 22. Bc4 a4 23. Bxf7+ 1-0

[Event "*** SCC Grand Prix: Titled Tuesday Blitz"]
[Site "Chess.com"]
[Date "2020.08.25"]
[Round "9"]
[White "Nara_Kh"]
[Black "isainz"]
[Result "1-0"]
[WhiteElo "2317"]
[BlackElo "2126"]
[TimeControl "180+1"]
[EndTime "11:45:20 PDT"]
[Termination "Nara_Kh won by resignation"]

1. e4 c5 2. Nf3 Nc6 3. Bb5 g6 4. Bxc6 dxc6 5. O-O Bg7 6. d3 e5 7. Nc3 Qe7 8. Be3 Nf6 9. h3 Nd7 10. Nd2 O-O 11. f4 b6 12. Nc4 Ba6 13. Nxe5 Nxe5 14. fxe5 Bxe5 15. Bh6 Rfd8 16. Qf3 Bc8 17. Kh1 Be6 18. a4 Rac8 19. Rae1 Bh8 20. e5 b5 21. Ne4 Bd5 22. Bg5 Bxe4 23. Rxe4 1-0

[Event "*** SCC Grand Prix: Titled Tuesday Blitz"]
[Site "Chess.com"]
[Date "2020.08.25"]
[Round "9"]
[White "bazar-wokzal"]
[Black "crackcubano"]
[Result "0-1"]
[WhiteElo "2487"]
[BlackElo "2656"]
[TimeControl "180+1"]
[EndTime "11:45:21 PDT"]
[Termination "crackcubano won by resignation"]

1. e4 c5 2. c3 Nf6 3. e5 Nd5 4. d4 cxd4 5. cxd4 d6 6. Bc4 e6 7. Nf3 Be7 8. O-O O-O 9. Qe2 b6 10. Rd1 Bb7 11. Qe4 Nd7 12. Bd3 g6 13. Qe2 dxe5 14. Bh6 Nf4 15. Qe3 Nxd3 16. Bxf8 Bxf8 17. dxe5 Nxb2 18. Rc1 Bxf3 19. Qxf3 Nxe5 20. Qe4 Bg7 21. Nc3 Ned3 22. Rc2 Rc8 23. Rxb2 Bxc3 0-1

[Event "*** SCC Grand Prix: Titled Tuesday Blitz"]
[Site "Chess.com"]
[Date "2020.08.25"]
[Round "9"]
[White "x-0414717230"]
[Black "Fandorine"]
[Result "0-1"]
[WhiteElo "2714"]
[BlackElo "2909"]
[TimeControl "180+1"]
[EndTime "11:45:24 PDT"]
[Termination "Fandorine won by resignation"]

1. d4 Nf6 2. c4 g6 3. Nc3 d5 4.
Bf4 Bg7 5. e3 c5 6. dxc5 Qa5 7.
Rc1 dxc4 8. Bxc4 O-O 9. Ne2 Qxc5 10. Qb3 Nc6 11. Nb5 Qh5 12. Ng3 Qh4 13. Nc7 e5 14.
Bxe5 Nxe5 15. Nxa8 Bd7 16. Nc7 Bc6 17. Nd5 Nfg4 18.
Nf4 Bh6 19. Bd5 Bxf4 20. exf4 Re8 21. Bxc6 Nf3+ 22. Kd1 Nxf2+ 23. Kc2 Nd4+ 24. Kb1 Nxb3 25. Bxe8 Nxc1 26. Rxc1 Qxh2 27. Nf1 Qxg2 28. Ba4 Nd3 0-1

[Event "*** SCC Grand Prix: Titled Tuesday Blitz"]
[Site "Chess.com"]
[Date "2020.08.25"]
[Round "9"]
[White "Spriteball"]
[Black "MashaFromRussia"]
[Result "0-1"]
[WhiteElo "2228"]
[BlackElo "2396"]
[TimeControl "180+1"]
[EndTime "11:45:24 PDT"]
[Termination "MashaFromRussia won by resignation"]

1. c4 e5 2. Nc3 d6 3. g3 f5 4.
Bg2 Nf6 5. e3 g6 6. d4 e4 7.
Nge2 Bg7 8. b3 O-O 9. Bb2 c5 10. dxc5 dxc5 11. Qc2 Be6 12. Rd1 Qe7 13. O-O Nc6 14.
Nf4 Rad8 15. f3 exf3 16. Bxf3 Ne5 17. Ncd5 Nxf3+ 18. Rxf3 Bxd5 19. Nxd5 Nxd5 20. cxd5 Bxb2 21. Qxb2 Qe4 22. Rf4 Qxe3+ 23. Qf2 Qxf2+ 24. Rxf2 Rd7 25. Re2 Rfd8 26. Re5 Kf7 27. Kf2 Rd6 28. Rde1 R8d7 29. Rc1 b6 30. Rce1 Rxd5 31. Re8 Rd2+ 32. Kg1 Rxa2 33. Rh8 Kg7 34. Rhe8 Rdd2 35. R8e7+ Kh6 0-1

[Event "*** SCC Grand Prix: Titled Tuesday Blitz"]
[Site "Chess.com"]
[Date "2020.08.25"]
[Round "9"]
[White "milenapn"]
[Black "kidagent"]
[Result "0-1"]
[WhiteElo "1977"]
[BlackElo "2250"]
[TimeControl "180+1"]
[EndTime "11:45:25 PDT"]
[Termination "kidagent won on time"]

1. e4 c5 2. Nf3 d6 3. d4 cxd4 4. Nxd4 Nf6 5. Nc3 a6 6. Bg5 e6 7.
f4 b5 8. e5 dxe5 9. fxe5 Qc7 10. exf6 Qe5+ 11. Be2 Qxg5 12. Ne4 Qe5 13. Qd3 Ra7 14.
Nf3 Qf4 15. g3 Qf5 16. O-O-O Rd7 17. Qe3 Bb7 18. fxg7 Bxg7 19. Nd6+ Rxd6 20. Rxd6 O-O 21. Rhd1 Nc6 22. Bd3 Qf6 23. Rd2 Bh6 24. Qe2 Rd8 25. Rxd8+ Nxd8 26. Kd1 Bxf3 0-1

[Event "*** SCC Grand Prix: Titled Tuesday Blitz"]
[Site "Chess.com"]
[Date "2020.08.25"]
[Round "9"]
[White "monalize"]
[Black "cukin84"]
[Result "1-0"]
[WhiteElo "2287"]
[BlackElo "2057"]
[TimeControl "180+1"]
[EndTime "11:45:27 PDT"]
[Termination "monalize won by resignation"]

1. e4 c6 2. d4 d5 3. Nc3 a6 4.
Nf3 Bg4 5. h3 Bh5 6. g4 Bg6 7.
Bd3 e6 8. a3 Nf6 9. Qe2 dxe4 10.
Nxe4 Nxe4 11. Bxe4 Bxe4 12. Qxe4 Qd5 13. Qe2 Nd7 14.
c4 Qa5+ 15. Bd2 Qb6 16. Bc3 Be7 17. O-O-O Bf6 18. g5 Be7 19. h4 O-O-O 20. d5 Nc5 21. dxe6 Nxe6 22. Bxg7 Bxg5+ 23. hxg5 Nxg7 24. Rxd8+ Rxd8 25. Rxh7 Ne6 26. Rxf7 Nd4 27. Nxd4 Qxd4 28. Kb1 b5 29. Qe6+ Kb8 30. Qxc6 Qd3+ 31. Ka2 Qxc4+ 32. Qxc4 bxc4 33. g6 1-0

[Event "*** SCC Grand Prix: Titled Tuesday Blitz"]
[Site "Chess.com"]
[Date "2020.08.25"]
[Round "9"]
[White "NoboaKevin1999"]
[Black "GMJustin"]
[Result "1-0"]
[WhiteElo "2410"]
[BlackElo "2240"]
[TimeControl "180+1"]
[EndTime "11:45:29 PDT"]
[Termination "NoboaKevin1999 won on time"]

1. d4 d5 2. c4 dxc4 3. Nf3 a6 4.
e3 b5 5. a4 Bb7 6. b3 b4 7. Bxc4 e6 8. O-O Nf6 9. Nbd2 Be7 10.
Bb2 O-O 11. Qe2 c5 12. dxc5 Bxc5 13. Rfd1 Qe7 14. Rac1 Nbd7 15. Bd3 Rfd8 16. Nc4 a5 17. Ncd2 Nd5 18. Bb5 Rac8 19. Nc4 Ra8 20. Nd4 N7b6 21. Ne5 1-0

[Event "*** SCC Grand Prix: Titled Tuesday Blitz"]
[Site "Chess.com"]
[Date "2020.08.25"]
[Round "9"]
[White "jefferyx"]
[Black "Hikaru"]
[Result "1/2-1/2"]
[WhiteElo "2925"]
[BlackElo "3209"]
[TimeControl "180+1"]
[EndTime "11:45:31 PDT"]
[Termination "Game drawn by agreement"]

1. d4 Nf6 2. c4 e6 3. Nc3 Bb4 4. Qc2 O-O 5. e4 d5 6. e5 Ne4 7. Bd3 c5 8. Nf3 cxd4 9. Nxd4 Nd7 10. Bf4 Qh4 11. g3 Qh5 12. O-O Bxc3 13. bxc3 g5 14. cxd5 exd5 15. Bxe4 dxe4 16. e6 gxf4 17. exd7 Bxd7 18.
Qxe4 fxg3 19. fxg3 Rae8 20. Qxb7 Bh3 21. Qf3 Qg5 22.
Qf4 Qd5 23. Rf2 Re4 24. Qh6 Bc8 25. Raf1 Rg4 26. Nf5 Bxf5 27. Rxf5 Qxa2 28. Rg5+ Rxg5 29.
Qxg5+ Kh8 30. Qf6+ Kg8 31. Rf5 Qb1+ 32. Kg2 Qe4+ 33.
Kh3 Qe6 34. Qxe6 fxe6 35. Ra5 Rc8 36. Rxa7 Rxc3 37. Re7 1/2-1/2

[Event "*** SCC Grand Prix: Titled Tuesday Blitz"]
[Site "Chess.com"]
[Date "2020.08.25"]
[Round "9"]
[White "anskam"]
[Black "Larina_Marija"]
[Result "0-1"]
[WhiteElo "1637"]
[BlackElo "2082"]
[TimeControl "180+1"]
[EndTime "11:45:31 PDT"]
[Termination "Larina_Marija won by checkmate"]

1. e4 c6 2. d4 d5 3. Nc3 dxe4 4.
Nxe4 Nf6 5. Nxf6+ exf6 6. Nf3 Bd6 7. Be2 O-O 8. O-O Re8 9. c3 Nd7 10. h3 Nf8 11. Bd3 Ng6 12. Be3 f5 13. Qc2 f4 14.
Bd2 Qf6 15. Rae1 Be6 16. b3 a5 17. a4 Bd5 18. Be4 Be6 19. c4 Nh4 20. Nxh4 Qxh4 21. Bf3 g6 22. Re4 Bf5 23. Rxe8+ Rxe8 24. Qd1 Qg5 25.
Kh2 Be4 26. Re1 f5 27. Bxa5 Qf6 28. Bc3 Qf7 29. Qe2 Re7 30. Qd1 g5 31. c5 Bc7 32.
Be2 f3+ 33. g3 fxe2 34. Qxe2 Bd8 35. Qd2 f4 36. Rf1 fxg3+ 37. Kxg3 Qf3+ 38. Kh2 Qg2# 0-1

[Event "*** SCC Grand Prix: Titled Tuesday Blitz"]
[Site "Chess.com"]
[Date "2020.08.25"]
[Round "9"]
[White "Semen_Khanin"]
[Black "AlexTriapishko"]
[Result "0-1"]
[WhiteElo "2777"]
[BlackElo "2721"]
[TimeControl "180+1"]
[EndTime "11:45:34 PDT"]
[Termination "AlexTriapishko won by resignation"]

1. e4 c6 2. d4 d5 3. exd5 cxd5 4. Bd3 Nf6 5. h3 Nc6 6. c3 e5 7. dxe5 Nxe5 8. Qe2 Qe7 9. Bb5+ Bd7 10. Bxd7+ Nfxd7 11. Be3 Nc4 12. Bc1 Nc5 13. Qxe7+ Bxe7 14. Ke2 O-O-O 15.
b3 Nd6 16. Nf3 Rhe8 17. Rd1 Bf6+ 18. Kf1 Nde4 19. Nd4 Ne6 20. Be3 a6 21. Na3 Kb8 22. Rac1 Rc8 23. Nxe6 fxe6 24. c4 Bb2 25. cxd5 Bxa3 26.
Bf4+ Bd6 27. Rxc8+ Kxc8 28. Be3 exd5 29. Rxd5 Kc7 30. Bd4 Nd2+ 0-1

[Event "*** SCC Grand Prix: Titled Tuesday Blitz"]
[Site "Chess.com"]
[Date "2020.08.25"]
[Round "9"]
[White "Reader777"]
[Black "StellarChessPro"]
[Result "1-0"]
[WhiteElo "2676"]
[BlackElo "2497"]
[TimeControl "180+1"]
[EndTime "11:45:39 PDT"]
[Termination "Reader777 won by resignation"]

1. d4 d5 2. c4 c6 3. Nf3 Nf6 4. Nc3 e6 5. e3 Nbd7 6. Bd3 Bd6 7. O-O O-O 8. b3 e5 9. cxd5 cxd5 10. dxe5 Nxe5 11. Be2 Be6 12. Bb2 Nxf3+ 13. Bxf3 Be5 14. Na4 Bxb2 15. Nxb2 Rc8 16. Rc1 Qa5 17. Nd3 Rxc1 18. Nxc1 Rc8 19. Qd4 Qa3 20. Nd3 Qxa2 21. Nc5 b6 22.
Nxe6 fxe6 23. Qe5 Kf7 24. Ra1 Qxb3 25. Rxa7+ Kg6 26. h4 Qb1+ 27. Kh2 Qf5 28. Qg3+ 1-0

[Event "*** SCC Grand Prix: Titled Tuesday Blitz"]
[Site "Chess.com"]
[Date "2020.08.25"]
[Round "9"]
[White "Tooweak2slow03"]
[Black "ErikBlomqvist"]
[Result "1-0"]
[WhiteElo "2698"]
[BlackElo "2507"]
[TimeControl "180+1"]
[EndTime "11:45:43 PDT"]
[Termination "Tooweak2slow03 won by resignation"]

1. e4 c5 2. Nf3 e6 3. b4 b6 4. bxc5 bxc5 5. c3 Nf6 6. Bd3 Be7 7. O-O O-O 8. Re1 d5 9. e5 Nfd7 10. Bc2 Nc6 11. d4 cxd4 12. cxd4 Ba6 13. Ba3 Nb4 14.
Bxb4 Bxb4 15. Re3 Nb6 16. Nbd2 Rc8 17. Bxh7+ Kxh7 18. Qb1+ Kg8 19. Qxb4 Rc2 20. Rc3 Rxc3 21. Qxc3 Qe7 22. Qe3 Rc8 23. Qf4 Rc2 24. g3 Bd3 25. Ne1 Rc3 26. Nxd3 Rxd3 27. Nf3 Rc3 28. Kg2 Rc2 29.
Rb1 Rxa2 30. Ng5 Rc2 31. Qh4 1-0

[Event "*** SCC Grand Prix: Titled Tuesday Blitz"]
[Site "Chess.com"]
[Date "2020.08.25"]
[Round "9"]
[White "hongnhung1234"]
[Black "mattcolins2025"]
[Result "0-1"]
[WhiteElo "2356"]
[BlackElo "2474"]
[TimeControl "180+1"]
[EndTime "11:45:45 PDT"]
[Termination "mattcolins2025 won by checkmate"]

1. e4 c5 2. Nc3 Nc6 3. f4 g6 4. Nf3 Bg7 5. Bc4 d6 6. O-O e6 7. d3 Nge7 8. Qe1 O-O 9. f5 d5 10. Bb3 c4 11. dxc4 dxe4 12. f6 exf3 13. fxg7 Kxg7 14.
Rxf3 e5 15. Bg5 f6 16. Rd1 Nd4 17. Rxf6 Rxf6 18. Ne4 Rf7 19. c3 h6 20. Bh4 Bg4 21. cxd4 Bxd1 22. Bxd1 Qxd4+ 23. Bf2 Qd7 24. Nc5 Qf5 25.
Bg3 Nc6 26. Bf3 Re8 27. Be4 Qf6 28. Bd5 Rfe7 29. Ne4 Qf8 30. Nd6 Rd8 31. Nxb7 Rxb7 32. Bxc6 Rf7 33. Bxe5+ Kh7 34. Bf3 Qc5+ 35. Kh1 Re8 36. Bd5 Rxe5 37. Qxe5 Rf1# 0-1

[Event "*** SCC Grand Prix: Titled Tuesday Blitz"]
[Site "Chess.com"]
[Date "2020.08.25"]
[Round "9"]
[White "fabianvivasz"]
[Black "GAusal"]
[Result "0-1"]
[WhiteElo "2281"]
[BlackElo "2168"]
[TimeControl "180+1"]
[EndTime "11:45:47 PDT"]
[Termination "GAusal won on time"]

1. e4 e5 2. Nf3 Nc6 3. d4 exd4 4. Bc4 Nf6 5. e5 d5 6. Bb5 Nd7 7. O-O Bc5 8. Bxc6 bxc6 9. Nxd4 Bxd4 10. Qxd4 O-O 11.
f4 Ba6 12. Rf3 Qh4 13. Rg3 Qe7 14. Nc3 f6 15. Be3 fxe5 16. fxe5 Nxe5 17. Bf4 Rae8 18. h3 Nc4 19. Kh2 Qf6 20. Qxf6 Rxf6 21. Bg5 Rf2 22. b3 Nd6 23. Bh6 Nf5 0-1

[Event "*** SCC Grand Prix: Titled Tuesday Blitz"]
[Site "Chess.com"]
[Date "2020.08.25"]
[Round "9"]
[White "Crazy_girl99"]
[Black "Gareth-Bale11"]
[Result "0-1"]
[WhiteElo "2514"]
[BlackElo "2740"]
[TimeControl "180+1"]
[EndTime "11:45:49 PDT"]
[Termination "Gareth-Bale11 won by resignation"]

1. e4 g6 2. d4 Bg7 3. Nc3 a6 4. Be3 b5 5. Bd3 Bb7 6. a3 d6 7.
Qd2 Nd7 8. Nge2 c5 9. b3 Rc8 10. dxc5 dxc5 11. Rb1 Ba8 12. Ng3 Qa5 13. Nce2 Qxd2+ 14. Kxd2 c4 15. bxc4 bxc4 16. f4 cxd3 17. cxd3 Ngf6 18. h3 O-O 19. Nd4 h5 20. Nf3 Rfd8 21.
Rhd1 Nc5 22. Bxc5 Rxc5 23. e5 Nd5 24. Ne2 Nxf4 25. Nxf4 Bxf3 26. gxf3 Bh6 27. Rb4 Rxe5 28. Kc2 Rc8+ 29. Kb3 a5 30. Rd4 Rec5 31. Nd5 Kf8 32. Rc4 Rb8+ 33. Nb4 Rcb5 34. Re1 axb4 35. axb4 Rxb4+ 36.
Rxb4 Rxb4+ 37. Kxb4 Bd2+ 0-1

[Event "*** SCC Grand Prix: Titled Tuesday Blitz"]
[Site "Chess.com"]
[Date "2020.08.25"]
[Round "9"]
[White "Shubinkirill2003"]
[Black "BigAl"]
[Result "1-0"]
[WhiteElo "2646"]
[BlackElo "2483"]
[TimeControl "180+1"]
[EndTime "11:45:50 PDT"]
[Termination "Shubinkirill2003 won by resignation"]

1. e4 c6 2. d4 d5 3. exd5 cxd5 4. Bd3 Nc6 5. c3 Qc7 6. Ne2 g6 7. Bf4 e5 8. dxe5 Nxe5 9. Bb5+ Ke7 10. Qxd5 Bg7 11. O-O Be6 12. Qe4 f5 13. Qe3 g5 14.
Bxg5+ Nf6 15. Nd4 h6 16. Bh4 Qd6 17. f4 Ng4 18. Nxf5+ Kf8 19. Nxd6 Nxe3 20. Re1 Nfd5 21. Na3 Bg8 22. Nxb7 Rb8 23. Nc5 Rb6 24. Nd7+ 1-0

[Event "*** SCC Grand Prix: Titled Tuesday Blitz"]
[Site "Chess.com"]
[Date "2020.08.25"]
[Round "9"]
[White "Mikasinski"]
[Black "GianmarcoVaR"]
[Result "1-0"]
[WhiteElo "2375"]
[BlackElo "2466"]
[TimeControl "180+1"]
[EndTime "11:45:52 PDT"]
[Termination "Mikasinski won by resignation"]

1. e4 c5 2. Nf3 d6 3. d4 cxd4 4. Nxd4 Nf6 5. Nc3 a6 6. Be2 e5 7. Nf3 Be7 8. Bg5 Be6 9. Bxf6 Bxf6 10. Nd5 Nd7 11. Bc4 O-O 12. O-O Nb6 13. Bb3 Nxd5 14. Bxd5 Qc7 15. c4 Rac8 16. b3 b5 17. cxb5 axb5 18. Qd3 Qc3 19. Qxb5 Rc5 20. Qe2 Bxd5 21. exd5 Rxd5 22. Rad1 Rxd1 23. Rxd1 Be7 24. Nd2 Qc2 25. a4 d5 26. Re1 e4 27. Qd1 Rc8 28. Qxc2 Rc3 29.
Qxc3 1-0

[Event "*** SCC Grand Prix: Titled Tuesday Blitz"]
[Site "Chess.com"]
[Date "2020.08.25"]
[Round "9"]
[White "PauloCesarCosta_sad"]
[Black "Balla_Tamas"]
[Result "0-1"]
[WhiteElo "2280"]
[BlackElo "2456"]
[TimeControl "180+1"]
[EndTime "11:45:52 PDT"]
[Termination "Balla_Tamas won on time"]

1. Nf3 c5 2. c4 g6 3. g3 Bg7 4.
Bg2 Nc6 5. O-O e6 6. Nc3 Nge7 7. b3 d5 8. cxd5 exd5 9. Bb2 d4 10.
Ne4 b6 11. d3 f5 12. Neg5 h6 13. Nh3 g5 14. Nd2 O-O 15. f4 g4 16. Nf2 Nd5 17. Bxd5+ Qxd5 18. Qc2 Na5 19. Nc4 Bb7 20. Ne4 fxe4 21. dxe4 Qxe4 22. Qxe4 Bxe4 23. Nxa5 bxa5 24. Rac1 Rac8 25. Ba3 Rf5 26. Rc4 Bd5 27. Ra4 c4 28.
bxc4 Rxc4 29. Rxa5 Rc2 30. Rxa7 Rxe2 31. Rf2 d3 32.
Bc5 d2 33. Rxg7+ Kxg7 34. Bd4+ Kf7 35. Rxe2 d1=Q+ 36. Kf2 Qxd4+ 37. Ke1 Bc4 38. Re7+ Kxe7 0-1

[Event "*** SCC Grand Prix: Titled Tuesday Blitz"]
[Site "Chess.com"]
[Date "2020.08.25"]
[Round "9"]
[White "DenLaz"]
[Black "ChessBitl"]
[Result "1/2-1/2"]
[WhiteElo "2697"]
[BlackElo "2518"]
[TimeControl "180+1"]
[EndTime "11:45:53 PDT"]
[Termination "Game drawn by agreement"]

1. c4 Nf6 2. Nc3 g6 3. d4 Bg7 4.
e4 d6 5. Be2 O-O 6. Be3 Nc6 7.
Nf3 Bg4 8. d5 Bxf3 9. gxf3 Nb8 10. Qd2 c6 11. O-O-O Nbd7 12. Kb1 cxd5 13. cxd5 Qa5 14.
Nb5 Qxd2 15. Rxd2 a6 16. Na3 Rac8 17. Rc1 Rxc1+ 18. Kxc1 Rc8+ 19. Rc2 Rxc2+ 20. Kxc2 e6 21. dxe6 fxe6 22. Nc4 d5 23. Nd6 b5 24. a4 bxa4 25.
Bxa6 Bf8 26. Nb7 a3 27. bxa3 Bxa3 28. Bb5 Kf7 29. Na5 Ne5 1/2-1/2

[Event "*** SCC Grand Prix: Titled Tuesday Blitz"]
[Site "Chess.com"]
[Date "2020.08.25"]
[Round "9"]
[White "reutik"]
[Black "Oglob71"]
[Result "1-0"]
[WhiteElo "2328"]
[BlackElo "2551"]
[TimeControl "180+1"]
[EndTime "11:45:56 PDT"]
[Termination "reutik won on time"]

1. d4 Nf6 2. c4 e6 3. Nf3 b6 4.
Nc3 Bb4 5. Bg5 h6 6. Bh4 Bb7 7. Nd2 Bxc3 8. bxc3 d6 9. f3 Nbd7 10. e4 e5 11. Bd3 Qe7 12. O-O Nf8 13. Bf2 Ng6 14. g3 O-O 15. a4 Nh7 16. Qb3 Bc8 17.
Be3 Kh8 18. a5 Bh3 19. Rf2 f5 20. exf5 Bxf5 21. Bxf5 Rxf5 22. axb6 cxb6 23. d5 Raf8 24.
Qa4 R5f7 25. Qc6 Qc7 26. Qb5 Nf6 27. Kg2 Kh7 28. Qb1 Ne8 29. h4 h5 30. g4 hxg4 31.
h5 gxf3+ 32. Rxf3 1-0

[Event "*** SCC Grand Prix: Titled Tuesday Blitz"]
[Site "Chess.com"]
[Date "2020.08.25"]
[Round "9"]
[White "Chessbard1972"]
[Black "EddieMarsalla"]
[Result "0-1"]
[WhiteElo "2398"]
[BlackElo "2535"]
[TimeControl "180+1"]
[EndTime "11:45:56 PDT"]
[Termination "EddieMarsalla won by resignation"]

1. d4 d5 2. c4 Bf5 3. Nc3 e6 4. Qb3 Nc6 5. Nf3 Nb4 6. e4 dxe4 7. a3 Nc6 8. d5 exf3 9. dxc6 bxc6 10. Be3 Bd6 11. c5 Be5 12. Rd1 Qb8 13. Qa2 Ne7 14. gxf3 O-O 15. Bd3 Rd8 16. Bxf5 Bxc3+ 17. bxc3 Rxd1+ 18.
Kxd1 Nxf5 19. Ke2 Qb5+ 20. c4 Qa4 21. Rb1 Rd8 22. Qb3 Qa6 23. Rd1 Re8 24. Rd7 Qc8 25.
Qd3 h6 26. Bf4 e5 27. Be3 Nd4+ 28. Kf1 Qxd7 0-1

[Event "*** SCC Grand Prix: Titled Tuesday Blitz"]
[Site "Chess.com"]
[Date "2020.08.25"]
[Round "9"]
[White "salomez"]
[Black "guillembaches"]
[Result "0-1"]
[WhiteElo "2232"]
[BlackElo "2419"]
[TimeControl "180+1"]
[EndTime "11:45:58 PDT"]
[Termination "guillembaches won on time"]

1. e4 c5 2. Nf3 d6 3. d4 cxd4 4. Nxd4 Nf6 5. Nc3 Nc6 6. Be3 Ng4 7. Bg5 Qb6 8. h3 Nxf2 9. Kxf2 Qxd4+ 10. Qxd4 Nxd4 11. Bd3 e6 12. Rad1 Be7 13. Be3 Nc6 14. Nb5 O-O 15. c3 a6 16. Nd4 Ne5 17. Be2 b5 18. Nf3 Rd8 19. Nxe5 dxe5 20. Bb6 Rxd1 21. Rxd1 Kf8 22. c4 bxc4 23. Be3 Bb7 24. Bxc4 Bxe4 25. Rd7 Ke8 26. Ra7 Rxa7 27. Bxa7 Bb7 0-1

[Event "*** SCC Grand Prix: Titled Tuesday Blitz"]
[Site "Chess.com"]
[Date "2020.08.25"]
[Round "9"]
[White "Sacbutt"]
[Black "Justinz"]
[Result "0-1"]
[WhiteElo "2209"]
[BlackElo "2400"]
[TimeControl "180+1"]
[EndTime "11:46:04 PDT"]
[Termination "Justinz won by resignation"]

1. e4 c5 2. Nf3 d6 3. d4 cxd4 4. Nxd4 Nf6 5. Nc3 a6 6. Bg5 e6 7.
f4 h6 8. Bxf6 Qxf6 9. Qd2 g5 10.
f5 Nc6 11. Nxc6 bxc6 12. O-O-O h5 13. Bd3 g4 14. Kb1 Qe5 15. h3 g3 16. Ne2 h4 17. Rhf1 Bg7 18. c3 Rb8 19. Nd4 Bd7 20. fxe6 fxe6 21. Bxa6 Ke7 22. Nf3 Qc5 23. e5 Bxe5 24.
Nxe5 Qxe5 25. Rde1 Qd5 26. Qf4 Rbf8 27. Qe4 Rxf1 28.
Bxf1 Qxe4+ 29. Rxe4 e5 30. Be2 Bf5 0-1

[Event "*** SCC Grand Prix: Titled Tuesday Blitz"]
[Site "Chess.com"]
[Date "2020.08.25"]
[Round "9"]
[White "creativity"]
[Black "politeplayer"]
[Result "0-1"]
[WhiteElo "2027"]
[BlackElo "2208"]
[TimeControl "180+1"]
[EndTime "11:46:05 PDT"]
[Termination "politeplayer won on time"]

1. d4 d5 2. c4 e6 3. Nc3 c5 4. cxd5 cxd4 5. Qxd4 Nc6 6. Qd1 exd5 7. Qxd5 Be6 8.
Qxd8+ Rxd8 9. e3 Nb4 10. Bb5+ Ke7 11. Ke2 a6 12. Ba4 Bc4+ 13. Kf3 Nd3 14. Nge2 Nf6 15.
Nd4 Ne5+ 16. Kg3 Nh5+ 17. Kh4 g6 18. b3 Bd3 19. Ba3+ Kf6 20. Bxf8 Rhxf8 21. b4 g5+ 22. Kxh5 h6 0-1